 Dungeon Crawl Stone Soup version 0.24.1-8-ga250c9d538 (webtiles) character file.

Game seed: 7139858491591466691, levelgen mode: deterministic

1681 Hugehornet the Magician (level 9, -7/53 HPs)
             Began as an Octopode Transmuter on May 7, 2020.
             Was a Priest of Cheibriados.
             Shot with an arrow by a centaur (14 damage)
             ... on level 6 of the Dungeon.
             The game lasted 00:30:36 (8033 turns).

Hugehornet the Magician (Octopode Transmuter)       Turns: 8033, Time: 00:30:37

Health: -7/53      AC:  2    Str: 16    XL:     9   Next: 2%
Magic:  12/17      EV: 23    Int: 24    God:    Cheibriados [***...]
Gold:   431        SH:  0    Dex: 23    Spells: 1/19 levels left

rFire    . . .     SeeInvis .     - Unarmed
rCold    . . .     Gourm    .   (shield currently unavailable)
rNeg     . . .     Faith    .   (helmet currently unavailable)
rPois    x         Spirit   .   (no amulet)
rElec    .         Reflect  .   q - +3 ring of evasion
rCorr    .         Harm     .   k - ring of protection from magic
MR       +....                  (no ring)
Stlth    ++........             (no ring)
HPRegen  0.17/turn              (no ring)
MPRegen  0.15/turn              (no ring)
                                (no ring)
                                (no ring)

@: spider-form, very slightly contaminated, invisible, very slow
A: tiny, almost no armour, stealthy swim, (amphibious), 8 rings, (constrict 8)
a: End Transformation, Bend Time, Temporal Distortion, Renounce Religion


You were on level 6 of the Dungeon.
You worshipped Cheibriados.
Cheibriados was most pleased with you.
You were not hungry.
You were a venomous arachnid creature.
You visited 1 branch of the dungeon, and saw 9 of its levels.
You also visited: Sewer.

You collected 431 gold pieces.

Inventory:

Missiles
 a - 57 arrows
Armour
 y - a +0 buckler
Jewellery
 k - a ring of protection from magic (right front leg)
 q - a +3 ring of evasion (left front leg)
Wands
 m - a wand of acid (9)
 s - a wand of flame (12)
Scrolls
 d - 2 scrolls of blinking {unknown}
 e - 2 scrolls of noise {unknown}
 f - 3 scrolls of remove curse {unknown}
 h - 5 scrolls of teleportation
 j - a scroll of random uselessness {unknown}
 l - a scroll of enchant armour {unknown}
 v - a scroll of fog {unknown}
 x - 2 scrolls of magic mapping
Potions
 b - a potion of curing
 g - 2 potions of brilliance
 i - a potion of magic
 n - a potion of cancellation
 o - a potion of ambrosia {unknown}
 p - 3 potions of degeneration {unknown}
 r - a potion of invisibility
 t - 2 potions of agility {unknown}
 u - a potion of might {unknown}
Comestibles
 c - 13 rations


   Skills:
 - Level 1.0 Fighting
 - Level 2.0 Dodging
 - Level 1.5 Stealth
 * Level 5.4 Unarmed Combat
 * Level 5.6 Spellcasting
 - Level 3.0 Conjurations
 - Level 1.0 Translocations
 + Level 5.1 Transmutations
 + Level 2.6 Fire Magic
 * Level 0.5 Ice Magic
 - Level 3.0 Air Magic
 - Level 3.0 Poison Magic
 + Level 1.2 Invocations


You had one spell level left.
You knew the following spells:

 Your Spells              Type           Power        Failure   Level  Hunger
a - Beastly Appendage     Tmut           ####..       5%          1    None
b - Sticks to Snakes      Tmut           ####....     7%          2    None
c - Spider Form           Tmut/Pois      ####......   14%         3    #......
d - Blink                 Tloc           N/A          22%         2    None
e - Mephitic Cloud        Conj/Pois/Air  ###.....     19%         3    #......
f - Conjure Flame         Conj/Fire      ###.....     21%         3    #......
g - Ice Form              Ice/Tmut       ###.....     47%         4    ###....

Your spell library contained the following spells:

 Spells                   Type           Power        Failure   Level  Hunger
 Magic Dart               Conj           ###.         9%          1    None
 Call Imp                 Summ           #.......     28%         2    None
 Slow                     Hex            #.......     28%         2    None
 Blade Hands              Tmut           ####......   50%         5    #####..


Dungeon Overview and Level Annotations

Branches:
Dungeon (9/15)              Sewer (visited)
 Temple: D:4-7         Lair: D:8-11         Orc: D:9-12

Altars:
Cheibriados
Dithmenos
Elyvilon
Hepliaklqana
Sif Muna
Trog

Shops:
D:9 (

Annotations:
D:6 exclusion: 2 killer bees
D:9 Maurice


Innate Abilities, Weirdness & Mutations

You cannot wear most types of armour.
You are very stealthy in the water. (Stealth+)
((You are amphibious.))
You can wear up to eight rings at the same time.
((You can use your tentacles to constrict eight enemies at once.))
((Your skin changes colour to match your surroundings (Stealth+).))
((Your rubbery body absorbs attacks. (AC +1, EV +1)))


Message History

The centaur unwields a +0 short sword.
The centaur wields a +0 shortbow.
The centaur shoots an arrow.
The arrow misses you.
The centaur shoots an arrow.
The arrow hits you!
The centaur shoots an arrow.
The arrow hits you!
The centaur shoots an arrow.
The arrow hits you!
You see here 2 arrows.
The centaur shoots an arrow.
The arrow misses you.
Casting: Spider Form (safe; 14% risk of failure)
Confirm with . or Enter, or press ? or * to list all spells.
Aiming: Mephitic Cloud (safe; 19% risk of failure)
Press: ? - help, Shift-Dir - straight line You miscast Mephitic Cloud.
You are very lightly contaminated with residual magic.
You feel weak for a moment.
The centaur shoots an arrow.
The arrow hits you!
* * * LOW HITPOINT WARNING * * *
You fade into invisibility!
The centaur shoots an arrow.
The arrow hits you.
* * * LOW HITPOINT WARNING * * *
The centaur shoots an arrow.
The arrow hits you!
You die...

##..####... #....##...##
##..##.....# ##
###..##....###
##.#####.....##...#.#
..#....#..............#
.....(.#...............
.. #.((.............#
... #s#..........###.#
.... ##............####
....####...............
......###..#...........
.......................
..........c.........##.
...........###.........
............#.#....#...#
..>...............##....


You could see a centaur.

Vanquished Creatures
  Sigmund (D:5)
  A water moccasin (D:5)
  An ogre (D:4)
  A phantom (D:5)
  2 bullfrogs (D:6)
  A scorpion (D:4)
  2 howler monkeys
  A crimson imp (D:5)
  A quasit (D:8)
  2 hounds (D:9)
  6 orc wizards
  4 iguanas
  Natasha (thrice) (D:2)
  3 worker ants
  Ijyb (D:5)
  A howler monkey zombie (D:5)
  4 adders
  5 oozes
  9 worms
  A dart slug (D:2)
  7 leopard geckos
  24 orcs
  23 bats
  4 giant cockroaches
  10 goblins
  11 hobgoblins
  19 jackals
  8 kobolds
  3 quokkas
  7 ball pythons
  3 frilled lizards
  9 rats
178 creatures vanquished.

Vanquished Creatures (collateral kills)
  A water moccasin (D:6)
  2 ice beasts (D:5)
3 creatures vanquished.

Vanquished Creatures (others)
  A kobold (D:5)
1 creature vanquished.

Grand Total: 182 creatures vanquished

Notes
Turn   | Place    | Note
-------+----------+-------------------------------------------
     0 | D:1      | Hugehornet the Octopode Transmuter began the quest for the
                  | Orb.
     0 | D:1      | Reached XP level 1. HP: 13/13 MP: 3/3
   230 | D:1      | Reached XP level 2. HP: 18/18 MP: 1/5
   234 | D:1      | Learned a level 2 spell: Sticks to Snakes
   338 | D:1      | Reached skill level 1 in Stealth
  1148 | D:2      | Reached XP level 3. HP: 23/23 MP: 4/6
  1153 | D:2      | Learned a level 3 spell: Spider Form
  1499 | D:2      | Noticed Natasha
  1508 | D:2      | Killed Natasha
  1508 | D:2      | Reached XP level 4. HP: 28/28 MP: 1/7
  1624 | D:2      | Found a shimmering blue altar of Sif Muna.
  1745 | D:2      | Noticed Natasha
  1753 | D:2      | Killed Natasha
  1768 | D:2      | Noticed Natasha
  1775 | D:2      | Killed Natasha
  1775 | D:2      | Reached XP level 5. HP: 26/33 MP: 1/8
  2304 | D:3      | Found a hazy altar of Hepliaklqana.
  3055 | D:3      | Learned a level 2 spell: Blink
  3301 | D:3      | Reached XP level 6. HP: 23/38 MP: 7/9
  3544 | D:4      | Found a white marble altar of Elyvilon.
  3556 | D:4      | Reached skill level 5 in Unarmed Combat
  3679 | D:4      | Reached skill level 5 in Transmutations
  3679 | D:4      | Reached XP level 7. HP: 20/43 MP: 4/11
  3906 | D:4      | Learned a level 3 spell: Mephitic Cloud
  4031 | D:4      | Reached skill level 1 in Poison Magic
  4292 | D:4      | Reached skill level 1 in Translocations
  4362 | D:4      | Reached skill level 1 in Conjurations
  4499 | D:4      | Found a snail-covered altar of Cheibriados.
  4503 | D:4      | Found a shadowy altar of Dithmenos.
  4507 | D:4      | Became a worshipper of Cheibriados the Contemplative
  4687 | D:5      | Entered Level 5 of the Dungeon
  4958 | D:5      | Reached skill level 1 in Air Magic
  5160 | D:5      | Noticed Ijyb
  5183 | D:5      | Killed Ijyb
  5267 | D:5      | Reached XP level 8. HP: 22/48 MP: 3/14
  5429 | D:5      | Learned a level 3 spell: Conjure Flame
  5509 | D:5      | Noticed Sigmund
  5524 | D:5      | Killed Sigmund
  5717 | D:5      | Reached skill level 1 in Fire Magic
  6186 | D:5      | Found a bloodstained altar of Trog.
  6352 | D:6      | Reached * piety under Cheibriados
  6372 | D:6      | Found a glowing drain.
  6503 | Sewer    | Entered a sewer
  6846 | Sewer    | Reached ** piety under Cheibriados
  7126 | D:6      | Reached skill level 5 in Spellcasting
  7149 | D:6      | You fall into a shaft and drop 3 floors!
  7149 | D:9      | Found Semeeh's Weapon Shop.
  7161 | D:9      | Noticed Maurice
  7774 | D:6      | Reached skill level 1 in Invocations
  7780 | D:6      | Reached *** piety under Cheibriados
  7906 | D:6      | Learned a level 4 spell: Ice Form
  7962 | D:6      | Reached XP level 9. HP: 53/53 MP: 9/17
  8033 | D:6      | Shot with an arrow by a centaur

Levels and vault maps discovered:
D:1:      dpeg_arrival_lava_temple_mockup, layout_basic, st_stairs_4,
          hangedman_abyss_or_decor_lesser_grid, hex_tiny
D:2:      layout_rooms, first_ration, lemuel_tele_altar, uniq_natasha
D:3:      layout_loops_cross, nicolae_overflow_crystal_walls,
          minmay_misc_feat_roman, minmay_goblin_kobold_house
D:4:      layout_rooms, minitemple, lemuel_crystal_altar
D:5:      layout_cave_pools, trog_hazing_becter, uniq_ijyb, uniq_sigmund
D:6:      layout_cave_pools, portal_sewer_entry_a
D:7:      layout_gridville, kennysheep_mini_moat,
          nicolae_qazlal_eye_of_the_storm, temple_doors_e, due_unseen_surprise
D:8:      layout_basic, grunt_temple_overflow_order_and_chaos_2,
          dancing_weapons_uskayaw, lemuel_crystal_altar, serial_glass,
          glass_columns_a, glass_columns_a
D:9:      layout_roguey, serial_shops, nicolae_shop_trees, uniq_grum,
          uniq_maurice, uniq_erica

Skill      XL: |  1  2  3  4  5  6  7  8 |
---------------+-------------------------+-----
Stealth        | 1 |  1.5
Transmutations | 3 4 5 |  5.1
Unarmed Combat | 4 5 |  5.4
Spellcasting   | 4 5 |  5.6
Poison Magic   | 2 3 |  3.0
Translocations | 1 |  1.0
Conjurations   | 1 3 |  3.0
Air Magic      | 1 3 |  3.0
Fire Magic     | 2 |  2.6
Invocations    | 1 |  1.2
Fighting       | |  1.0
Dodging        | |  2.0
Ice Magic      | |  0.5

Action                   |  1- 3 |  4- 6 |  7- 9 || total
-------------------------+-------+-------+-------++-------
Melee: Unarmed           |    63 |   140 |   251 ||   454
       Constrict         |    19 |    35 |    36 ||    90
       Kick              |    11 |    28 |    42 ||    81
       Tentacles         |     7 |    26 |    25 ||    58
       Punch             |     3 |     2 |     7 ||    12
 Cast: Beastly Appendage |    16 |    30 |    32 ||    78
       Spider Form       |     1 |     4 |    16 ||    21
       Sticks to Snakes  |       |       |    19 ||    19
 Abil: End Transformatio |       |       |     2 ||     2
  Use: Scroll            |     5 |     3 |     4 ||    12
       Potion            |       |     1 |     5 ||     6
 Stab: Sleeping          |     4 |    12 |     6 ||    22
       Distracted        |       |       |     2 ||     2
  Eat: Chunk             |     2 |     8 |     7 ||    17
       Ration            |       |       |     2 ||     2
Armor: Skin              |    22 |    14 |    16 ||    52
Dodge: Dodged            |    63 |    66 |   234 ||   363
